 Dungeon Crawl Stone Soup version 0.21-a0-396-ga924934 (webtiles) character file.

49 flinch the Insei (level 3, -7/23 HPs)
             Began as an Octopode Transmuter on Oct 19, 2017.
             Was an Initiate of Wu Jian.
             Shot with an arrow by a centaur (11 damage)
             ... on level 5 of the Dungeon.
             The game lasted 00:04:32 (1834 turns).

flinch the Insei (Octopode Transmuter)              Turns: 1834, Time: 00:04:33

Health: -7/23      AC:  1    Str:  9    XL:     3   Next: 77%
Magic:  1/6        EV: 13    Int: 16    God:    Wu Jian [......]
Gold:   39         SH:  0    Dex: 12    Spells: 1/6 levels left

rFire    . . .     SeeInvis .     - Unarmed
rCold    + + .     Gourm    .   (no shield)
rNeg     . . .     Faith    .   (helmet restricted)
rPois    .         Spirit   .   (no amulet)
rElec    .         Reflect  .   d - ring of protection from cold
rCorr    .         Harm     .   (no ring)
MR       .....                  (no ring)
Stlth    +++.......             (no ring)
HPRegen  0.47/turn              (no ring)
MPRegen  0.10/turn              (no ring)
                                (no ring)
                                (no ring)

@: very slightly contaminated
A: almost no armour, stealthy swim, amphibious, 8 rings, constrict 8, camouflage
1, cold resistance 1, regeneration 1, gelatinous body 1
a: Renounce Religion


You were on level 5 of the Dungeon.
You worshipped Wu Jian.
Wu Jian was noncommittal.
You were very hungry.

You visited 2 branches of the dungeon, and saw 6 of its levels.

You collected 39 gold pieces.

Inventory:

Missiles
 a - 56 arrows
 i - 15 poisoned needles
Jewellery
 d - a ring of protection from cold (left tentacle)
Wands
 g - a wand of acid (3/15)
Scrolls
 e - a scroll of teleportation
Potions
 h - a potion of lignification
Books
 b - a book of Changes

   Spells                             Type                      Level
   a - Beastly Appendage              Transmutation                1
   b - Sticks to Snakes               Transmutation                2
   c - Spider Form                    Transmutation/Poison         3
   d - Ice Form                       Ice/Transmutation            4
   e - Blade Hands                    Transmutation                5
Comestibles
 c - a bread ration
 f - 2 royal jellies


   Skills:
 - Level 1.0 Fighting
 - Level 2.0 Dodging
 - Level 1.0 Stealth
 * Level 4.1 Unarmed Combat
 - Level 2.0 Spellcasting
 + Level 2.4 Transmutations
 + Level 0.8 Poison Magic


You had one spell level left.
You knew the following spells:

 Your Spells              Type           Power        Failure   Level  Hunger
a - Spider Form           Tmut/Pois      #.........   30%         3    ###....
b - Sticks to Snakes      Tmut           #.......     12%         2    ###....


Dungeon Overview and Level Annotations

Branches:
Dungeon (5/15)             Temple (1/1) D:5

Altars:
Ashenzari
Dithmenos
Elyvilon
Fedhas
Gozag
Hepliaklqana
Nemelex Xobeh
Okawaru
Ru
Sif Muna
Trog
Uskayaw
Vehumet
Wu Jian
Xom
Yredelemnul
The Shining One

Annotations:
D:4 GordonOverkill's ghost, amateur OgCj


Innate Abilities, Weirdness & Mutations

You cannot wear most types of armour.
You are very stealthy in the water. (Stealth+)
You are amphibious.
You can wear up to eight rings at the same time.
You can use your tentacles to constrict eight enemies at once.
Your skin changes colour to match your surroundings (Stealth+).
Your rubbery body absorbs attacks. (AC +1, EV +1)
Your flesh is cold resistant. (rC+)
Your natural rate of healing is unusually fast.


Message History

You are very lightly contaminated with residual magic.
Nothing appears to happen.
Casting: Spider Form
Confirm with . or Enter, or press ? or * to list all spells.
You create a snake!
You now have 56 arrows.
The worker ant closely misses you.
Your ball python bites the worker ant but does no damage.
Your ball python grabs the worker ant.
Your ball python constricts the worker ant.
The worker ant struggles to escape constriction.
The centaur shoots an arrow.
The arrow hits your ball python!
Your ball python dies!
Casting: Sticks to Snakes
Confirm with . or Enter, or press ? or * to list all spells.
You don't have enough magic to cast that spell.
The orc hits you with a club.
* * * LOW HITPOINT WARNING * * *
There is an escape hatch in the floor here.
The orc closely misses you. The worker ant closely misses you.
The centaur shoots an arrow.
The arrow hits you!
You die...

#.....#...#......#
+.#888#...#......#
#.8...8...#...[..#
#%8.>....##......#
+.8...8#'##......#
#.#888#..........#
#.....#........).#
#.....#..........#
#.....#.@a.......#
#.....#..o(......#
#.....#..c.......#
#.....(>...#
#.........<#
#..........#
#..##......#
#..##........
#.............


You could see a centaur, a worker ant and an orc.

Vanquished Creatures
  An adder (D:2)
  An ooze (D:2)
  An orc (D:5)
  4 bats
  2 giant cockroaches
  5 goblins
  4 hobgoblins
  4 kobolds
  3 frilled lizards (D:2)
  5 rats
30 creatures vanquished.

Vanquished Creatures (collateral kills)
  An adder (D:2)
1 creature vanquished.

Grand Total: 31 creatures vanquished

Notes
Turn   | Place    | Note
-------+----------+-------------------------------------------
     0 | D:1      | flinch the Octopode Transmuter began the quest for the Orb.
     0 | D:1      | Reached XP level 1. HP: 13/13 MP: 3/3
   135 | D:1      | Reached skill level 1 in Stealth
   167 | D:1      | Reached XP level 2. HP: 13/18 MP: 5/5
   171 | D:1      | Learned a level 2 spell: Sticks to Snakes
   855 | D:1      | Gained mutation: Your natural rate of healing is unusually fast. [potion of mutation]
   855 | D:1      | Gained mutation: Your flesh is cold resistant. (rC+) [potion of mutation]
  1142 | D:2      | Reached XP level 3. HP: 13/23 MP: 6/6
  1147 | D:2      | Learned a level 3 spell: Spider Form
  1374 | D:2      | Reached skill level 4 in Unarmed Combat
  1380 | D:2      | Found a deep blue altar of Sif Muna.
  1615 | D:3      | You fall through a shaft!
  1615 | D:4      | Noticed a slave
  1615 | D:4      | Noticed a slave
  1630 | D:4      | Noticed GordonOverkill's ghost (amateur OgCj)
  1641 | D:5      | Entered Level 5 of the Dungeon
  1642 | D:5      | Noticed a centaur
  1692 | D:5      | Found a staircase to the Ecumenical Temple.
  1703 | Temple   | Entered the Ecumenical Temple
  1770 | Temple   | Became a worshipper of the Wu Jian Council
  1834 | D:5      | Shot with an arrow by a centaur

Vault maps used:
D:1:      nzn_arrival_crosshair
D:2:      lemuel_tele_altar
D:3:      minmay_door_path
D:4:      first_bread, uniq_crazy_yiuf_cottage, uniq_duvessa, uniq_pikel
D:5:      slow_altar_1, minmay_temple_entry_statues, serial_shops,
          shop_fountains, hex_tiny
Temple:   eino_narrow_crystal_temple

Skill      XL: |  1  2  3 |
---------------+----------+-----
Stealth        | 1 |  1.0
Unarmed Combat | 4 |  4.1
Fighting       | |  1.0
Dodging        | |  2.0
Spellcasting   | |  2.0
Transmutations | |  2.4
Poison Magic   | |  0.8

Action                   || total
-------------------------++-------
Melee: Unarmed           ||    66
       Constrict         ||    17
       Tentacles         ||    13
       Punch             ||     2
 Cast: Sticks to Snakes  ||     3
       Spider Form       ||     2
  Use: Scroll            ||     6
       Potion            ||     3
 Stab: Sleeping          ||    10
  Eat: Chunk             ||     2
Armor: Skin              ||    12
Dodge: Dodged            ||    38

Table legend:
 A = Spawn XP
 B = Non-spawn XP
 C = Spawn XP percentage of total XP
 D = Spawn monster count
 E = Non-spawn monster count
 F = Spawn count percentage of total count
 G = Total turns spent on level
                    A         B        C        D         E        F      G
               +---------+---------+-------+---------+---------+-------+---------
         Total |       0 |      71 |   0.0 |       0 |      31 |   0.0 |  1834
               +---------+---------+-------+---------+---------+-------+---------
           D:1 |       0 |      20 |   0.0 |       0 |      13 |   0.0 |  1020
           D:2 |       0 |      41 |   0.0 |       0 |      12 |   0.0 |   534
           D:3 |       0 |       5 |   0.0 |       0 |       4 |   0.0 |    61
           D:4 |       0 |       2 |   0.0 |       0 |       1 |   0.0 |    26
           D:5 |       0 |       3 |   0.0 |       0 |       1 |   0.0 |   110
               +---------+---------+-------+---------+---------+-------+---------
